[Event "December 19 Early 2023"]
[Site "https://www.chess.com"]
[Date "2023.12.19"]
[Round "2"]
[White "Semenenko, Dmytry"]
[Black "Kononenko, Dmitry"]
[Result "0-1"]
[Board "148"]
[TimeControl "180+1"]
[WhiteFideId "14118645"]
[BlackFideId "14113538"]
[WhiteElo "2113"]
[BlackElo "2168"]
[WhiteTeam "UKR"]
[BlackTeam "UKR"]
[WhiteClock "0:00:05"]
[BlackClock "0:00:10"]

1. Nf3 c5 2. c4 Nc6 3. e3 Nf6 4. d4 cxd4 5. exd4 d5 6. Nc3 g6 7. c5 Bg7 8. Be2 O-O 9. O-O Ne4 10. Be3 f5 11. Qb3 e6 12. Rfd1 f4 13. Bc1 g5 14. Nxe4 dxe4 15. Ne5 Nxd4 16. Rxd4 Qxd4 17. Nc4 Qxc5 18. Bd2 a5 19. Rc1 Qd5 20. Bc3 b5 21. Bxg7 bxc4 22. Bxc4 Qd2 23. Rd1 Qb4 24. Bxf8 Qxb3 25. Bxb3 Kxf8 26. Rd8+ Ke7 27. Rh8 a4 28. Bc4 Rb8 29. b3 axb3 30. axb3 Ra8 31. h3 Ra1+ 32. Kh2 Bd7 33. Rxh7+ Kd6 34. Rg7 Ra5 35. b4 Re5 36. g3 e3 37. fxe3 fxe3 38. Be2 Bb5 39. Bxb5 Rxb5 40. Kg2 Rf5 41. Ra7 Rf2+ 42. Kg1 Ke5 43. Ra3 Ke4 44. Ra1 Rb2 45. b5 Kf3 46. Rf1+ Kxg3 47. Re1 Kf3 48. Kf1 Rxb5 49. Kg1 Rb2 50. Kf1 Rf2+ 51. Kg1 Rg2+ 52. Kh1 e2 53. h4 g4 54. Ra1 Rf2 55. Ra3+ Kf4 56. Ra4+ Kf5 57. Ra5+ e5 58. Kg1 Rf1+ 59. Kg2 e1=Q 60. Ra2 Rg1+ 61. Kh2 Qg3# 0-1

[Event "December 19 Early 2023"]
[Site "https://www.chess.com"]
[Date "2023.12.19"]
[Round "2"]
[White "Zhuk, Valeriy"]
[Black "Yeritsyan, Hayk"]
[Result "0-1"]
[Board "149"]
[TimeControl "180+1"]
[WhiteFideId "24151254"]
[BlackFideId "13307320"]
[WhiteElo "2148"]
[BlackElo "2130"]
[WhiteTeam "RUS"]
[BlackTeam "ARM"]
[WhiteClock "0:00:00"]
[BlackClock "0:00:42"]

1. Nf3 Nf6 2. c4 b6 3. g3 Bb7 4. Bg2 e6 5. O-O c5 6. Nc3 Be7 7. d4 cxd4 8. Nxd4 Bxg2 9. Kxg2 O-O 10. e4 d6 11. Be3 a6 12. f3 Qc7 13. Rc1 Nbd7 14. Qd2 Qb7 15. Rfd1 Rac8 16. b3 Rfe8 17. a4 Bf8 18. Nde2 Nc5 19. Rb1 b5 20. axb5 axb5 21. Nxb5 Ncxe4 22. fxe4 Nxe4 23. Qc2 Ng5+ 24. Kg1 Nh3+ 25. Kf1 Qf3+ 26. Ke1 Qxe3 27. Qd3 Qf2+ 28. Kd2 d5 29. Rf1 dxc4 30. bxc4 Qc5 31. Qf3 Red8+ 32. Ke1 Rd7 33. Nbd4 Qa5+ 0-1

[Event "December 19 Early 2023"]
[Site "https://www.chess.com"]
[Date "2023.12.19"]
[Round "2"]
[White "Kiselev, Pavel"]
[Black "Jakubowski, Krzysztof"]
[Result "1-0"]
[Board "150"]
[TimeControl "180+1"]
[WhiteFideId "4191102"]
[BlackFideId "1112848"]
[WhiteElo "2145"]
[BlackElo "2369"]
[WhiteTeam "RUS"]
[BlackTeam "POL"]
[WhiteClock "0:00:13"]
[BlackClock "0:00:00"]

1. Nf3 Nf6 2. d4 e6 3. c4 b6 4. g3 Ba6 5. Qc2 c5 6. Bg2 Nc6 7. dxc5 bxc5 8. b3 Be7 9. O-O O-O 10. Bb2 d5 11. cxd5 exd5 12. Nc3 d4 13. Ne4 Nxe4 14. Qxe4 Rc8 15. Rac1 Re8 16. Qc2 Nb4 17. Qd2 Nxa2 18. Ra1 Nb4 19. Ba3 Qb6 20. Bxb4 cxb4 21. Qxd4 Bc5 22. Qd7 Bb5 23. Qf5 g6 24. Qf4 Bxe2 25. Ng5 Re7 26. Rfe1 Rf8 27. Bd5 Kg7 28. Rxe2 Rxe2 29. Nxf7 g5 30. Qxg5+ Qg6 31. Qxg6+ Kxg6 32. Rc1 Bb6 33. Rc6+ Kf5 34. Nh6+ Ke5 35. Bc4 Rfxf2 36. Ng4+ Kf5 37. Nxf2 Rxf2 38. Kh1 Rb2 39. Rh6 1-0

[Event "December 19 Early 2023"]
[Site "https://www.chess.com"]
[Date "2023.12.19"]
[Round "2"]
[White "Do Nascimento,Christian Almeida"]
[Black "Mohammed, Zozek Salah Mohammed"]
[Result "1/2-1/2"]
[Board "151"]
[TimeControl "180+1"]
[WhiteFideId "2143801"]
[BlackFideId "4803361"]
[WhiteElo "2118"]
[BlackElo "2211"]
[WhiteTeam "BRA"]
[BlackTeam "IRQ"]
[WhiteClock "0:00:10"]
[BlackClock "0:00:15"]

1. e4 e6 2. d4 d5 3. Nd2 c5 4. Ngf3 cxd4 5. Nxd4 Nc6 6. Bb5 Bd7 7. Bxc6 bxc6 8. exd5 cxd5 9. O-O Nf6 10. Re1 Bd6 11. N2f3 O-O 12. c3 Qc7 13. h3 Ne4 14. Nb3 a5 15. Nbd2 Nc5 16. Nb3 Ne4 17. Be3 a4 18. Nbd2 Nc5 19. Bxc5 Bxc5 20. Nf1 Qb6 21. Qe2 Rab8 22. Rab1 Bb5 23. Qd2 Bc4 24. b3 axb3 25. axb3 Bxb3 26. Nd4 Bxd4 27. cxd4 Qd6 28. Ne3 Bc4 29. Ng4 Rxb1 30. Rxb1 Rb8 31. Ra1 Qb6 32. Qg5 Qxd4 33. Re1 Kf8 34. Ne3 h6 35. Qg3 Qb6 36. Qe5 Bd3 37. Rc1 Bg6 38. h4 Kg8 39. h5 Be4 40. Qg3 Rd8 41. Rc7 Qd6 42. Qxd6 Rxd6 43. Ng4 d4 44. f3 Bf5 45. Ne5 d3 46. Rc8+ Kh7 47. Nxf7 g5 48. Nxd6 d2 49. Rc7+ Kg8 50. Rc8+ Kh7 51. Rc7+ Kg8 52. Rc8+ Kh7 1/2-1/2

[Event "December 19 Early 2023"]
[Site "https://www.chess.com"]
[Date "2023.12.19"]
[Round "2"]
[White "Weishaeutel, Moritz"]
[Black "Elissalt Cardenas, Hector"]
[Result "1/2-1/2"]
[Board "152"]
[TimeControl "180+1"]
[WhiteFideId "12967300"]
[BlackFideId "3500632"]
[WhiteElo "2321"]
[BlackElo "2202"]
[WhiteTeam "GER"]
[BlackTeam "ESP"]
[WhiteClock "0:00:18"]
[BlackClock "0:00:07"]

1. e4 d6 2. Nc3 Nf6 3. d4 e5 4. Nf3 Nbd7 5. Bc4 Be7 6. O-O O-O 7. a4 c6 8. Re1 a5 9. b3 h6 10. Bb2 Nh7 11. Ne2 Ng5 12. Ng3 Nxf3+ 13. Qxf3 exd4 14. Bxd4 Ne5 15. Bxe5 dxe5 16. Rad1 Qc7 17. Nf5 Bxf5 18. Qxf5 Bf6 19. Rd7 Qb6 20. Qg6 Qb4 21. Red1 Qxc4 22. Qxf6 Qxe4 23. Qe7 Rae8 24. Qc5 b6 25. Qxb6 Qxc2 26. g3 Re6 27. Rd8 Rxd8 28. Rxd8+ Kh7 29. Qe3 Qb1+ 30. Kg2 Qc2 31. Rd2 Qc1 32. Qe4+ g6 33. Rd7 Kg7 34. Ra7 Qc3 35. Qc4 Qxc4 36. bxc4 e4 37. Rxa5 e3 38. fxe3 Rxe3 39. Rc5 Ra3 40. Rxc6 Rxa4 41. h4 h5 42. Kf3 Ra3+ 43. Kf4 Ra1 44. Rc8 Rf1+ 45. Ke3 Re1+ 46. Kf2 Rc1 47. c5 Rc3 48. c6 Kf6 49. c7 Ke7 50. Ke2 Kd7 51. Rf8 Rxc7 52. Rxf7+ Kd8 53. Rxc7 Kxc7 54. Ke3 Kd6 55. Kf4 Ke6 56. Kg5 Kf7 57. Kh6 Kf6 58. Kh7 g5 59. Kh6 gxh4 60. gxh4 Kf7 61. Kxh5 Kg7 62. Kg5 Kh7 63. Kh5 Kh8 64. Kg5 Kh7 65. Kg4 Kh8 66. h5 Kh7 67. Kg5 Kh8 68. Kg6 Kg8 69. h6 Kh8 70. h7 1/2-1/2

[Event "December 19 Early 2023"]
[Site "https://www.chess.com"]
[Date "2023.12.19"]
[Round "2"]
[White "Antunez Soler, Luis"]
[Black "Pein, Jonathan"]
[Result "0-1"]
[Board "153"]
[TimeControl "180+1"]
[WhiteFideId "3513335"]
[BlackFideId "417092"]
[WhiteElo "2154"]
[BlackElo "2130"]
[WhiteTeam "CUB"]
[BlackTeam "ENG"]
[WhiteClock "0:00:19"]
[BlackClock "0:00:26"]

1. e4 e5 2. Nf3 d6 3. d4 exd4 4. Qxd4 Nf6 5. Bg5 Nc6 6. Bb5 Be7 7. Nc3 O-O 8. Qd2 Be6 9. O-O-O a6 10. Bxc6 bxc6 11. Nd4 Bd7 12. f4 Qb8 13. e5 Nd5 14. Bxe7 Nxe7 15. Rhe1 d5 16. h3 a5 17. a3 a4 18. g4 Qb6 19. Na2 c5 20. Ne2 Rfb8 21. c4 Qb3 22. Nac3 Qxc4 23. Kb1 d4 24. Ne4 Be6 25. Nc1 Nd5 26. Ka1 Ne3 27. Rxe3 dxe3 28. Qxe3 Rxb2 29. Kxb2 Rb8+ 30. Ka1 Qc2 31. Rd8+ Rxd8 32. Qc3 Qxe4 33. f5 Bb3 34. e6 fxe6 35. f6 gxf6 36. Qxf6 Qd4+ 0-1

[Event "December 19 Early 2023"]
[Site "https://www.chess.com"]
[Date "2023.12.19"]
[Round "2"]
[White "Kim, Sergey"]
[Black "Marin Pincheira, Carlos"]
[Result "0-1"]
[Board "154"]
[TimeControl "180+1"]
[WhiteFideId "13700570"]
[BlackFideId "3407543"]
[WhiteElo "2612"]
[BlackElo "2080"]
[WhiteTeam "KAZ"]
[BlackTeam "CHI"]
[WhiteClock "0:00:39"]
[BlackClock "0:00:03"]

1. d4 d5 2. c4 c6 3. cxd5 cxd5 4. Bf4 Nc6 5. e3 Nf6 6. Nc3 Bf5 7. Bb5 e6 8. Nf3 Bd6 9. Ne5 Bxe5 10. dxe5 Nd7 11. O-O O-O 12. Rc1 Ndxe5 13. Ne2 a6 14. Ba4 Rc8 15. Nd4 Bg6 16. Nxc6 Nxc6 17. Qd2 b5 18. Bd1 Qd7 19. Bg3 Rfd8 20. Bh4 f6 21. Bg4 Bf7 22. Rfd1 Ne5 23. Be2 Nc4 24. Qb4 a5 25. Qb3 b4 26. Bxc4 dxc4 27. Rxd7 cxb3 28. Rxd8+ Rxd8 29. axb3 e5 30. f4 exf4 31. exf4 Bxb3 32. Bf2 Rd2 33. Bb6 a4 34. Ba5 Bd5 35. Bxb4 Rxg2+ 36. Kf1 Rxh2 37. Rc8+ Kf7 38. Bc3 Rc2 39. Rc7+ Kg6 40. Ra7 Bb3 41. Ra5 h5 42. Kg1 h4 43. Be1 h3 44. Bg3 Rg2+ 45. Kf1 Rxg3 46. Kf2 Rg2+ 47. Kf3 Rxb2 48. f5+ Kg5 49. Kg3 h2 0-1

[Event "December 19 Early 2023"]
[Site "https://www.chess.com"]
[Date "2023.12.19"]
[Round "2"]
[White "Igel2023"]
[Black "Kvaloy, Aksel Bu"]
[Result "0-1"]
[Board "155"]
[TimeControl "180+1"]
[BlackFideId "1528815"]
[WhiteElo "2360"]
[BlackElo "2265"]
[BlackTeam "NOR"]
[WhiteClock "0:00:00"]
[BlackClock "0:00:15"]

1. e4 e5 2. Nf3 Nf6 3. Nc3 Nc6 4. Bb5 Bd6 5. a3 O-O 6. d3 a6 7. Bc4 b5 8. Ba2 Be7 9. g4 Nxg4 10. Rg1 d6 11. h3 Nf6 12. Bh6 Ne8 13. Nd5 Kh8 14. Be3 Bxh3 15. Ng5 Bxg5 16. Bxg5 f6 17. Be3 Ne7 18. Qh5 Be6 19. Rh1 Bg8 20. Nxe7 Qxe7 21. Bxg8 Kxg8 22. Qxh7+ Kf7 23. O-O-O Qe6 24. f4 Ke7 25. fxe5 fxe5 26. Bg5+ Kd7 27. Rh6 Qf7 28. Rg6 Kc6 29. Be3 Kb7 30. d4 exd4 31. Bxd4 Qf4+ 32. Kb1 Qxe4 33. Qh5 Rf5 34. Qh3 Rd5 35. Rg4 Qe2 36. Rgg1 Nf6 37. Qh1 Qe4 38. Bxf6 Qxh1 39. Rxh1 Rxd1+ 40. Rxd1 gxf6 0-1

[Event "December 19 Early 2023"]
[Site "https://www.chess.com"]
[Date "2023.12.19"]
[Round "2"]
[White "Vlassov, Nikolai"]
[Black "Kolmagorov, Alexey"]
[Result "1-0"]
[Board "156"]
[TimeControl "180+1"]
[WhiteFideId "4103360"]
[BlackFideId "34129402"]
[WhiteElo "2351"]
[BlackElo "1989"]
[WhiteTeam "FID"]
[BlackTeam "RUS"]
[WhiteClock "0:02:31"]
[BlackClock "0:00:04"]

1. e4 c5 2. c3 Nf6 3. e5 Nd5 4. d4 cxd4 5. cxd4 d6 6. Bc4 Nb6 7. Bb3 g6 8. e6 fxe6 9. h4 Bg7 10. h5 Nc6 11. Nf3 a5 12. Nc3 Bd7 13. hxg6 hxg6 14. Rxh8+ Bxh8 15. Qd3 Kf7 16. Ng5+ Kg7 17. Bxe6 Qf8 1-0

[Event "December 19 Early 2023"]
[Site "https://www.chess.com"]
[Date "2023.12.19"]
[Round "2"]
[White "Manukian, Artak"]
[Black "Mesquita, Eduardo Barbosa"]
[Result "1-0"]
[Board "157"]
[TimeControl "180+1"]
[WhiteFideId "13301373"]
[BlackFideId "22757163"]
[WhiteElo "2030"]
[BlackElo "1953"]
[WhiteTeam "ARM"]
[BlackTeam "BRA"]
[WhiteClock "0:00:32"]
[BlackClock "0:00:00"]

1. e4 c5 2. Nf3 d6 3. Bb5+ Bd7 4. Bxd7+ Qxd7 5. c4 Nc6 6. Nc3 g6 7. d4 cxd4 8. Nxd4 Bg7 9. Be3 Nf6 10. f3 O-O 11. O-O a6 12. a4 Rac8 13. b3 Rfd8 14. Qd2 h5 15. Rfd1 Kh7 16. Rac1 Ne5 17. a5 Nc6 18. Ra1 Qc7 19. Nxc6 bxc6 20. Bb6 Qb7 21. Bxd8 Rxd8 22. Qc2 Nd7 23. Rab1 h4 24. Na4 h3 25. gxh3 Ne5 26. Kg2 g5 27. h4 Bf6 28. hxg5 Bxg5 29. Rf1 Rg8 30. Kh1 Bf4 31. Nc3 Qd7 32. Ne2 Be3 33. Ng3 Ng6 34. Nf5 Bf4 35. Rg1 e6 36. Nd4 Be3 37. Rgd1 Nf4 38. e5+ Kh8 39. Qe4 Ng2 40. Nc2 Bc5 41. exd6 f6 42. Rd2 Qg7 43. d7 f5 44. Qxe6 Nf4 45. Qxg8+ Kxg8 46. d8=Q+ Kh7 47. Qh4+ Kg8 48. Qxf4 Kf7 49. Qxf5+ 1-0

[Event "December 19 Early 2023"]
[Site "https://www.chess.com"]
[Date "2023.12.19"]
[Round "2"]
[White "Aswath, S"]
[Black "Hoffmann, Asa"]
[Result "1-0"]
[Board "158"]
[TimeControl "180+1"]
[WhiteFideId "46694919"]
[BlackFideId "2001470"]
[WhiteElo "2138"]
[BlackElo "2117"]
[WhiteTeam "IND"]
[BlackTeam "USA"]
[WhiteClock "0:00:06"]
[BlackClock "0:00:07"]

1. c4 Nf6 2. g3 d6 3. Bg2 c6 4. Nc3 e5 5. Nf3 Be6 6. d3 h6 7. O-O Qd7 8. b4 Be7 9. a4 Bh3 10. b5 Bxg2 11. Kxg2 O-O 12. Rb1 Qe6 13. e4 d5 14. exd5 cxd5 15. Re1 Nbd7 16. Nd4 exd4 17. Rxe6 fxe6 18. Ne2 e5 19. cxd5 Nxd5 20. Qb3 Nf6 21. f4 exf4 22. Nxf4 Rfd8 23. Ne6 Rd7 24. Nxd4 Kh8 25. Bd2 Rad8 26. Ne6 Re8 27. Re1 Bd8 28. Nxd8 Rexd8 29. Bc1 Nb6 30. Re3 Nbd5 31. Rf3 Rc8 32. Bb2 Re7 33. Rf2 Ne3+ 34. Kg1 Nfg4 35. Re2 Rce8 36. Qc3 Nf6 37. Ba3 Ned5 38. Rxe7 Nxc3 39. Rxb7 Ra8 40. Bb2 Nxa4 41. Bd4 Nd5 42. Rxg7 Nab6 43. Kg2 Nb4 44. Rxa7+ Kg8 45. Bxb6 Rxa7 46. Bxa7 Nxd3 47. Kf3 Ne5+ 48. Ke4 Nd7 49. Kd5 Kf7 50. b6 Nxb6+ 51. Bxb6 Kg6 52. Be3 h5 53. Ke4 h4 54. g4 h3 55. Kf4 1-0

[Event "December 19 Early 2023"]
[Site "https://www.chess.com"]
[Date "2023.12.19"]
[Round "2"]
[White "Khodabandeh, Milad"]
[Black "De Boer, Eelke"]
[Result "1-0"]
[Board "159"]
[TimeControl "180+1"]
[WhiteFideId "12538620"]
[BlackFideId "1048120"]
[WhiteElo "1846"]
[BlackElo "2573"]
[WhiteTeam "IRI"]
[BlackTeam "NED"]
[WhiteClock "0:00:09"]
[BlackClock "0:00:47"]

1. e4 g6 2. d4 Bg7 3. Nc3 d6 4. f4 a6 5. Nf3 b5 6. Bd3 Nd7 7. O-O Bb7 8. a4 b4 9. Ne2 c5 10. c3 e6 11. a5 bxc3 12. bxc3 Ne7 13. f5 exf5 14. exf5 O-O 15. fxg6 hxg6 16. Ng5 cxd4 17. cxd4 Bd5 18. Qe1 Nc6 19. Qh4 Re8 20. Qh7+ Kf8 21. Bxg6 Rxe2 22. Ne6+ Bxe6 23. Bh6 Ke7 24. Qxg7 Qg8 25. Bg5+ Nf6 26. Qxf6+ Kd7 27. Bh5 Qh8 28. Bxe2 Nxd4 29. Qe7+ Kc6 30. Rac1+ Kd5 31. Bc4+ Ke5 32. Bf6+ Ke4 33. Rce1+ Ne2+ 34. Rxe2# 1-0

[Event "December 19 Early 2023"]
[Site "https://www.chess.com"]
[Date "2023.12.19"]
[Round "2"]
[White "Bregu, Riza"]
[Black "Loutragotis, Dimitrios"]
[Result "0-1"]
[Board "160"]
[TimeControl "180+1"]
[WhiteFideId "4701739"]
[BlackFideId "4268458"]
[WhiteElo "2138"]
[BlackElo "2151"]
[WhiteTeam "ALB"]
[BlackTeam "GRE"]
[WhiteClock "0:01:09"]
[BlackClock "0:01:40"]

1. e4 e6 2. d4 d5 3. e5 c5 4. Qg4 cxd4 5. Nf3 Nc6 6. Bd3 h5 7. Qg3 Nh6 8. Bxh6 Rxh6 9. O-O g6 10. h4 Bg7 11. Re1 Rh8 12. Nbd2 Nb4 13. Nxd4 Nxd3 14. cxd3 Bd7 15. N4f3 Qb6 16. d4 Bf8 17. a3 Be7 18. Qf4 Kf8 19. Ng5 Bxg5 20. Qxg5 Qd8 21. Qf4 Kg7 22. Re3 Qe7 23. Rg3 Rac8 24. Nf3 Rc2 25. b4 Rhc8 26. Ng5 R8c3 27. Rxc3 Rxc3 28. Rc1 Rxc1+ 29. Qxc1 Bc6 30. Qf4 Bb5 31. g4 hxg4 32. Qxg4 Qc7 33. h5 Qc1+ 34. Kh2 Qd2 35. h6+ Kf8 36. Nh7+ Kg8 37. Nf6+ Kh8 38. Qh5 gxh5 0-1

[Event "December 19 Early 2023"]
[Site "https://www.chess.com"]
[Date "2023.12.19"]
[Round "2"]
[White "Martin Barcelo, Carles"]
[Black "Han, Yichen"]
[Result "0-1"]
[Board "161"]
[TimeControl "180+1"]
[WhiteFideId "24561444"]
[BlackFideId "1054430"]
[WhiteElo "2135"]
[BlackElo "2305"]
[WhiteTeam "ESP"]
[BlackTeam "NED"]
[WhiteClock "0:01:12"]
[BlackClock "0:00:52"]

1. d4 e6 2. Nf3 Nf6 3. e3 c5 4. Bd3 b6 5. O-O Bb7 6. b3 Be7 7. Bb2 O-O 8. Nbd2 d6 9. c4 Nbd7 10. Rc1 Re8 11. Qc2 Nf8 12. h3 Rc8 13. Qb1 Qc7 14. Rfd1 Qb8 15. Ne4 Qa8 16. Nfd2 Nxe4 17. Bxe4 Ng6 18. Bxb7 Qxb7 19. Qe4 d5 20. cxd5 exd5 21. Qg4 Bf6 22. Nf3 c4 23. bxc4 dxc4 24. Ne5 b5 25. Qf5 Qxg2+ 26. Kxg2 Nh4+ 27. Kh1 Nxf5 28. Ng4 Bh4 29. Rg1 h5 30. Ne5 Bxf2 31. Rg5 Nxe3 32. Rxh5 b4 0-1

[Event "December 19 Early 2023"]
[Site "https://www.chess.com"]
[Date "2023.12.19"]
[Round "2"]
[White "Silva, Pedro Gil Ferreira Da"]
[Black "Olhovik, Andrei"]
[Result "1-0"]
[Board "162"]
[TimeControl "180+1"]
[WhiteFideId "1946102"]
[BlackFideId "13507397"]
[WhiteElo "2112"]
[BlackElo "2172"]
[WhiteTeam "POR"]
[BlackTeam "FID"]
[WhiteClock "0:01:04"]
[BlackClock "0:00:14"]

1. c4 e5 2. Nc3 Bb4 3. Nf3 Bxc3 4. dxc3 Nc6 5. e4 d6 6. Bd3 Nge7 7. O-O O-O 8. Ne1 f5 9. exf5 Bxf5 10. Nc2 Qd7 11. Ne3 Bxd3 12. Qxd3 Rf7 13. Nd5 Raf8 14. Be3 a5 15. Rad1 Nxd5 16. cxd5 Ne7 17. c4 b6 18. a3 Nf5 19. Qe4 Qa4 20. Qd3 Rf6 21. h3 Rg6 22. Kh1 Nh4 23. g3 Qd7 24. Kh2 Nf3+ 25. Kg2 h5 26. Qe4 Rf5 27. Rd3 Qf7 28. b4 axb4 29. axb4 Qf6 30. c5 bxc5 31. bxc5 Nh4+ 32. Kh2 Rxg3 33. fxg3 Rxf1 34. gxh4 Ra1 35. cxd6 cxd6 36. Rc3 Ra2+ 37. Rc2 Rxc2+ 38. Qxc2 Qf3 39. Qd2 Kh7 40. Bg5 e4 41. Qe3 Qf5 42. Qd4 Qf3 43. Be3 Qe2+ 44. Kg3 Qe1+ 45. Bf2 Qe2 46. Qe3 Qc2 47. Qg5 Qd3+ 48. Be3 g6 49. Kf4 Qf1+ 50. Kxe4 Qb1+ 51. Kf3 Qf1+ 52. Bf2 Qxh3+ 53. Ke2 Qh1 54. Qe7+ Kg8 55. Qe6+ Kh7 56. Qf7+ Kh6 57. Be3+ g5 58. Bxg5# 1-0

[Event "December 19 Early 2023"]
[Site "https://www.chess.com"]
[Date "2023.12.19"]
[Round "2"]
[White "Crispin Ferreras, Darvi Abraham"]
[Black "Koc, Przemyslaw"]
[Result "1-0"]
[Board "163"]
[TimeControl "180+1"]
[WhiteFideId "6402771"]
[BlackFideId "1109081"]
[WhiteElo "2149"]
[BlackElo "2118"]
[WhiteTeam "DOM"]
[BlackTeam "POL"]
[WhiteClock "0:00:35"]
[BlackClock "0:00:14"]

1. e4 c5 2. Nf3 Nf6 3. Nc3 Nc6 4. d4 d5 5. exd5 Nxd5 6. Bb5 Nxc3 7. bxc3 cxd4 8. O-O Bd7 9. cxd4 e6 10. d5 exd5 11. Qxd5 Be7 12. Rd1 a6 13. Ba4 Qc8 14. Bb2 Be6 15. Bxc6+ bxc6 16. Qe4 O-O 17. Ne5 Bd5 18. Qd4 Bf6 19. c4 Be6 20. Qf4 Qc7 21. Qg3 Rfd8 22. Bc3 Rxd1+ 23. Rxd1 Rd8 24. Rxd8+ Qxd8 25. h4 Bxh4 26. Qf3 c5 27. Qb7 h6 28. Qxa6 Qd1+ 29. Kh2 Bxf2 30. Nf3 Qd8 31. Be5 Kh7 32. a4 Qd3 33. Qd6 Qxc4 34. a5 Bc8 35. Qf8 Qg4 36. Bxg7 Bb7 37. Qh8+ Kg6 38. Qxh6+ Kf5 39. Qf6+ Ke4 40. Qe5+ Kd3 41. Qc3+ Ke4 42. Qc2+ Ke3 43. Qd2+ Ke4 44. Qe2+ Be3 45. Nd2+ Kd5 46. Qxg4 1-0

[Event "December 19 Early 2023"]
[Site "https://www.chess.com"]
[Date "2023.12.19"]
[Round "2"]
[White "Davidson, Kevin"]
[Black "Bernat, David"]
[Result "1-0"]
[Board "164"]
[TimeControl "180+1"]
[WhiteFideId "2056810"]
[BlackFideId "2099225"]
[WhiteElo "2151"]
[BlackElo "1894"]
[WhiteTeam "USA"]
[BlackTeam "USA"]
[WhiteClock "0:01:33"]
[BlackClock "0:00:00"]

1. e4 c5 2. Nf3 g6 3. d4 cxd4 4. Qxd4 Nf6 5. e5 Nc6 6. Qa4 Nd5 7. Qe4 Nb6 8. Nc3 Bg7 9. Bf4 d5 10. exd6 Bf5 11. Qe3 O-O 12. O-O-O exd6 13. Rxd6 Qc8 14. Bh6 Re8 15. Qd2 Bh8 16. Bb5 Qc7 17. Bf4 Qc8 18. Rd1 a6 19. Bf1 Nb4 20. Rxb6 Nxc2 21. Bd3 Rd8 22. Qxc2 Rxd3 23. Rxd3 Bxd3 24. Qxd3 Qc5 25. Rxb7 Rc8 26. Qd7 1-0

[Event "December 19 Early 2023"]
[Site "https://www.chess.com"]
[Date "2023.12.19"]
[Round "2"]
[White "Waldhausen Gordon, Frederick"]
[Black "Dilmukhametov, Artur"]
[Result "1-0"]
[Board "165"]
[TimeControl "180+1"]
[WhiteFideId "2409143"]
[BlackFideId "24179922"]
[WhiteElo "2286"]
[BlackElo "2176"]
[WhiteTeam "SCO"]
[BlackTeam "RUS"]
[WhiteClock "0:01:54"]
[BlackClock "0:00:01"]

1. Nf3 d5 2. c4 c6 3. d4 Nf6 4. Nc3 g6 5. Bf4 e6 6. e3 Bg7 7. Qb3 O-O 8. Bd3 b6 9. O-O Bb7 10. Rfd1 Nh5 11. Be5 f6 12. Bg3 Nxg3 13. hxg3 Nd7 14. e4 Qe7 15. cxd5 exd5 16. exd5 Kh8 17. Re1 Qd6 18. Re6 Qc7 19. d6 Qd8 20. Re7 f5 21. Ng5 Rb8 22. Ne6 1-0

[Event "December 19 Early 2023"]
[Site "https://www.chess.com"]
[Date "2023.12.19"]
[Round "2"]
[White "Santos, Rafael Ventura Dos"]
[Black "Tikhonov, Viacheslav"]
[Result "1-0"]
[Board "166"]
[TimeControl "180+1"]
[WhiteFideId "2122227"]
[BlackFideId "44196407"]
[WhiteElo "2138"]
[BlackElo "2209"]
[WhiteTeam "BRA"]
[BlackTeam "RUS"]
[WhiteClock "0:01:09"]
[BlackClock "0:00:08"]

1. e4 c5 2. c4 Nc6 3. Ne2 g6 4. d4 cxd4 5. Nxd4 Nf6 6. Nc3 Nxd4 7. Qxd4 d6 8. f3 Bg7 9. Bg5 O-O 10. Qd2 Be6 11. Rc1 Qa5 12. b3 Rfc8 13. g3 a6 14. Nd5 Qxd2+ 15. Kxd2 Bxd5 16. cxd5 Rxc1 17. Kxc1 Rc8+ 18. Kd2 e6 19. Bh3 Rc5 20. Bxf6 Bxf6 21. dxe6 Kf8 22. exf7 Kxf7 23. Rc1 Bg5+ 24. f4 Rxc1 25. Kxc1 Bd8 26. Bc8 b5 27. Bxa6 b4 28. Kd2 Bb6 29. Ke2 Bg1 30. Bc4+ Ke7 31. Bg8 h6 32. Bh7 Kf7 33. f5 gxf5 34. exf5 Kf6 35. Kf1 Bc5 36. g4 d5 37. Ke2 Ke5 38. Bg8 Be7 39. Kf3 Bd8 40. Kg3 Be7 41. h4 Bd8 42. Be6 Be7 43. g5 hxg5 44. h5 d4 45. Kg4 Kf6 46. Bc4 Bf8 47. Bd3 Bh6 48. Be4 Bf8 49. Kf3 Bh6 50. Ke2 g4 51. Kd3 Be3 52. h6 Bf2 53. h7 Kg7 54. f6+ Kh8 55. f7 Kg7 56. f8=Q+ Kxf8 57. h8=Q+ Kf7 58. Qh5+ Ke6 59. Qf5+ Kd6 60. Qxf2 g3 61. Qxg3+ Kc5 62. Qe5+ Kb6 63. Bh1 Ka6 64. Bg2 Kb6 65. Bf1 Ka6 66. Qxd4 Kb7 67. Qxb4+ Ka6 68. Kc4 Ka7 69. Kc5 Ka8 70. Kc6 Ka7 71. Qb7# 1-0

[Event "December 19 Early 2023"]
[Site "https://www.chess.com"]
[Date "2023.12.19"]
[Round "2"]
[White "Martinez Reyes, Pedro Ramon"]
[Black "Kostiukov, Alexandr"]
[Result "1-0"]
[Board "167"]
[TimeControl "180+1"]
[WhiteFideId "3901807"]
[BlackFideId "14108100"]
[WhiteElo "2327"]
[BlackElo "2112"]
[WhiteTeam "VEN"]
[BlackTeam "UKR"]
[WhiteClock "0:01:05"]
[BlackClock "0:00:46"]

1. Nf3 c5 2. g3 g6 3. Bg2 Bg7 4. O-O Nf6 5. d3 d5 6. Nbd2 O-O 7. e4 Nc6 8. Re1 e5 9. exd5 Nxd5 10. c3 h6 11. Nc4 Re8 12. a4 Nb6 13. Be3 Bf5 14. Bxc5 Bxd3 15. Nd6 e4 16. Nxe8 Qxe8 17. Nd2 f5 18. Qb3+ Qf7 19. Qxf7+ Kxf7 20. f3 Re8 21. fxe4 fxe4 22. Nxe4 Nc4 23. Rad1 Nxb2 24. Rxd3 Nxd3 25. Nd6+ Kf6 26. Nxe8+ 1-0

[Event "December 19 Early 2023"]
[Site "https://www.chess.com"]
[Date "2023.12.19"]
[Round "2"]
[White "Gruzman, Ilya"]
[Black "Devaev, Alexander"]
[Result "1-0"]
[Board "168"]
[TimeControl "180+1"]
[WhiteFideId "2812703"]
[BlackFideId "4169395"]
[WhiteElo "1986"]
[BlackElo "2172"]
[WhiteTeam "ISR"]
[BlackTeam "RUS"]
[WhiteClock "0:01:25"]
[BlackClock "0:01:18"]

1. d4 Nf6 2. c4 e6 3. Nf3 c5 4. d5 exd5 5. cxd5 d6 6. Nc3 g6 7. e4 Bg7 8. Be2 O-O 9. O-O Na6 10. a4 Bg4 11. h3 Bxf3 12. Bxf3 Nb4 13. Bf4 a6 14. Re1 Ne8 15. Qd2 Qe7 16. Rad1 Rb8 17. Bh6 Bxh6 18. Qxh6 Nf6 19. Qf4 Nd7 20. Be2 Qe5 21. Qd2 g5 22. Bg4 Nf6 23. Bf5 Kg7 24. Qxg5+ Kh8 25. f4 Qe7 26. e5 dxe5 27. fxe5 Ng8 28. Qh5 h6 29. d6 Qe8 30. Nd5 Nxd5 31. Rxd5 c4 32. Rf1 Qxa4 33. Be4 c3 34. Qf5 1-0

[Event "December 19 Early 2023"]
[Site "https://www.chess.com"]
[Date "2023.12.19"]
[Round "2"]
[White "Iljin, Timofey"]
[Black "Koridze, Lile"]
[Result "1-0"]
[Board "169"]
[TimeControl "180+1"]
[WhiteFideId "14110180"]
[BlackFideId "13612514"]
[WhiteElo "2380"]
[BlackElo "2061"]
[WhiteTeam "UKR"]
[BlackTeam "GEO"]
[WhiteClock "0:00:05"]
[BlackClock "0:00:00"]

1. e4 c5 2. c3 Nf6 3. e5 Nd5 4. d4 cxd4 5. Nf3 e6 6. cxd4 d6 7. Bc4 Nb6 8. Bb3 Nc6 9. Qe2 dxe5 10. dxe5 Bb4+ 11. Nc3 O-O 12. O-O h6 13. Bc2 Nd4 14. Nxd4 Qxd4 15. Rd1 Qh4 16. Ne4 Nd5 17. g3 Qe7 18. Qd3 f5 19. exf6 Nxf6 20. Nxf6+ Rxf6 21. Qh7+ Kf7 22. Bd3 Bd7 23. Be2 Rg8 24. Bh5+ Kf8 25. Bf4 e5 26. Bxe5 Qxe5 27. Rxd7 Qxh5 28. Rd8+ Ke7 29. Qxg8 Rf7 30. Re1+ Bxe1 31. Qe8+ Kf6 32. Rd6+ Kg5 33. Qe3+ Kg4 34. Rd4+ Kf5 35. Qf4+ Kg6 36. Rd6+ Kh7 37. Qe4+ Qf5 38. Qxe1 b5 39. Rd2 a5 40. Qe3 a4 41. Qd3 Qxd3 42. Rxd3 Rc7 43. Rd5 b4 44. Rd4 a3 45. bxa3 bxa3 46. Rd3 Ra7 47. h4 Kg6 48. g4 Kf6 49. Kg2 Ke5 50. Kf3 Ra4 51. Kg3 Ke4 52. Rb3 Ke5 53. Rb7 g5 54. hxg5 hxg5 55. Rb6 Ra5 56. f3 Kd4 57. Rb3 Kc4 58. f4 gxf4+ 59. Kxf4 Ra8 60. g5 Rf8+ 61. Kg4 Rf2 62. Rxa3 Kb4 63. Ra8 Rg2+ 64. Kh5 Kc5 65. Rd8 Rxa2 66. g6 1-0